 Dungeon Crawl Stone Soup version 0.30-a0-715-gdb4ae3ece1 (webtiles) character file.

Game seed: 9122872238070063691

13141 scionoferis the Skirmisher (level 11, -4/68 HPs)
             Began as a Demigod Ice Elementalist on Jan 22, 2023.
             Slain by a reaper
             ... wielding a +2 scythe of freezing
              (13 damage)
             ... in an ice cave on Jan 23, 2023.
             The game lasted 00:52:21 (12523 turns).

scionoferis the Skirmisher (DgIE)                  Turns: 12523, Time: 00:52:22

Health: -4/68      AC: 11    Str: 18    XL:     11   Next: 44%
Magic:  0/22       EV: 16    Int: 19    God:
Gold:   377        SH:  0    Dex: 24    Spells: 13/20 levels left

rFire   + . .      SeeInvis .    b - +7 shortbow of the Gloaming {freeze, rC+ Dex+3}
rCold   + + .      Faith    .    (shield currently unavailable)
rNeg    + + .      Spirit   +    P - +0 leather armour of Okawaru's Regard {rF+ rC+ rN+ Str+2}
rPois   .          Reflect  .    (no helmet)
rElec   .          Harm     .    e - +0 cloak
rCorr   +          Rampage  .    (no gloves)
Will    +....                    y - +0 pair of boots
Stlth   +++                      K - amulet of guardian spirit
HPRegen 0.31/turn                d - ring of positive energy
MPRegen 0.18/turn                Q - ring of resist corrosion

@: ice-armoured, flying
A: high MP 1, forlorn, divine attributes, agile 1, frail 2, strong 1
a: no special abilities


You were in an ice cave.
You visited 1 branch of the dungeon, and saw 11 of its levels.
You also visited: Ice Cave.

You collected 564 gold pieces.
You spent 187 gold pieces at shops.


Innate Abilities, Weirdness & Mutations

You have an increased reservoir of magic. (+10% MP)
You shall have no god before yourself.
Your divine heritage dramatically boosts your attributes as you level up.
You are agile. (Dex +4, Str/Int -1)
You are very frail. (-20% HP)
Your muscles are strong. (Str +4, Int/Dex -1)


   Skills:
 + Level 5.1 Fighting
 * Level 11.7 Ranged Weapons
 + Level 5.5 Armour
 + Level 5.4 Dodging
 + Level 4.7 Stealth
 - Level 5.0 Spellcasting
 - Level 7.0 Ice Magic
 + Level 0.0 Evocations


You had 13 spell levels left.
You knew the following spells:

 Your Spells              Type           Power      Damage    Failure   Level
a - Freeze                Ice            100%       1d10      1%          1
b - Frozen Ramparts       Ice            62%        1d10      2%          3
c - Ozocubu's Armour      Ice            31%        N/A       2%          3

Your spell library contained the following spells:

 Spells                   Type           Power      Damage    Failure   Level
 Hailstorm                Conj/Ice       18%        3d6       10%         3
 Foxfire                  Conj/Fire      16%        2x1d4     14%         1
 Kiss of Death            Conj/Necr      16%        2d6       14%         1
 Sandblast                Erth           8%         2d5       14%         1
 Shock                    Conj/Air       16%        1d4       14%         1
 Summon Small Mammal      Summ           16%        N/A       14%         1
 Lesser Beckoning         Tloc           8%         N/A       22%         2
 Passwall                 Tmut/Erth      3%         N/A       22%         2
 Ice Form                 Ice/Tmut       18%        N/A       32%         4
 Summon Ice Beast         Ice/Summ       18%        N/A       32%         4
 Call Canine Familiar     Summ           4%         N/A       38%         3
 Confusing Touch          Hex            4%         N/A       38%         3
 Dazzling Flash           Conj/Hex       8%         N/A       38%         3
 Gell's Gravitas          Tloc           4%         N/A       38%         3
 Ignite Poison            Fire/Tmut/Pois 4%         N/A       38%         3
 Kindle Blastsparks       Fire/Tloc/Air  8%         2d10      38%         3
 Stone Arrow              Conj/Erth      8%         3d7       38%         3
 Summon Guardian Golem    Hex/Summ       4%         N/A       38%         3
 Swiftness                Air            4%         N/A       38%         3
 Teleport Other           Tloc           4%         N/A       38%         3
 Metabolic Englaciation   Hex/Ice        9%         N/A       67%         5
 Airstrike                Air            2%         2d(1-17)  80%         4
 Dispel Undead            Necr           4%         3d7       80%         4
 Freezing Cloud           Conj/Ice/Air   6%         6-21      83%         5
 Agony                    Necr           4%         N/A       98%         5
 Fireball                 Conj/Fire      2%         3d4       98%         5
 Silence                  Hex/Air        2%         N/A       98%         5
 Simulacrum               Ice/Necr       9%         N/A       99%         6
 Dispersal                Tloc           2%         N/A       100%        6
 Starburst                Conj/Fire      2%         6d3       100%        6

Inventory:

Hand Weapons
 a - a +1 falchion
   (You took it off a wight on level 8 of the Dungeon)
 b - the +7 shortbow of the Gloaming (weapon) {freeze, rC+ Dex+3}
   (You acquired it on level 6 of the Dungeon)

   Dex:       It affects your dexterity (+3).
   rC:        It protects you from cold.
 v - a +2 mace of freezing
   (You found it in an ice cave)
Missiles
 j - 32 poisoned darts
 p - 5 javelins
 u - a boomerang
 x - 2 throwing nets
 M - 2 curare-tipped darts
Armour
 e - a +0 cloak (worn)
   (You found it on level 1 of the Dungeon)
 r - a +2 ring mail of poison resistance
   (You found it on level 3 of the Dungeon)
 y - a +0 pair of boots (worn)
   (You found it on level 5 of the Dungeon)
 D - a +0 buckler of cold resistance
   (You found it in an ice cave)
 P - the +0 leather armour of Okawaru's Regard (worn) {rF+ rC+ rN+ Str+2}
   (You found it on level 9 of the Dungeon)

   Str:       It affects your strength (+2).
   rF:        It protects you from fire.
   rC:        It protects you from cold.
   rN:        It protects you from negative energy.
 T - a +2 scale mail of willpower
   (You took it off an orc on level 4 of the Dungeon)
Jewellery
 d - a ring of positive energy (left hand)
   (You found it on level 6 of the Dungeon)
 K - an amulet of guardian spirit (around neck)
   (You found it on level 7 of the Dungeon)
 Q - a ring of resist corrosion (right hand)
   (You took it off an orc priest on level 9 of the Dungeon)
 R - a ring of fire
   (You found it on level 9 of the Dungeon)
Wands
 o - a wand of flame (6)
   (You found it on level 11 of the Dungeon)
 s - a wand of quicksilver (6)
   (You found it on level 3 of the Dungeon)
 G - a wand of roots (7)
   (You took it off Blork the orc on level 6 of the Dungeon)
 I - a wand of mindburst (4)
   (You took it off Maggie on level 6 of the Dungeon)
 S - a wand of charming (8)
   (You found it on level 9 of the Dungeon)
Scrolls
 f - 3 scrolls of teleportation {unknown}
 h - 3 scrolls of fog
 k - a scroll of immolation {unknown}
 l - a scroll of amnesia
 q - 2 scrolls of vulnerability {unknown}
 A - a scroll of silence
 F - 2 scrolls of magic mapping
Potions
 g - 2 potions of magic
 i - a potion of lignification
 m - 3 potions of mutation
 n - 6 potions of curing
 t - a potion of berserk rage
 w - a potion of flight
 B - a potion of haste {unknown}
 C - 2 potions of brilliance
 H - a potion of cancellation {unknown}
 N - a potion of resistance {unknown}

Dungeon Overview and Level Annotations

Branches:
Dungeon (11/15)            Temple (0/1) D:6            Lair (0/5) D:10
    Orc (0/2) D:10          IceCv (1/1)

Shops:
D:5 *   D:6 [

Portals:
Abyss: D:4

Annotations:
IceCv exclusion: reaper

### ##.## #### ##...## ##..##
##.....# #....## #......##
##..#..## ##.......#
##.###...# #........#
#..####..###.......###
##..#..##..#@Z2..#.#..#
#..##...##......##.#.2##
##..#....##....###..#...#
#..##....###...#..°#....##
#..#....## #...#.........#
#..##.#.## #...#...####..#
#...###..# #.....#○☼.......
##..##...###..#.○§☼......#.)#
#.......#.#..##§☼#○#..#.#.##


You could see a reaper and a death yak simulacrum.


Message History

The +0 leather armour of Okawaru's Regard {rF+ rC+ rN+ Str+2} melds into your body.
Your roots penetrate the ground.
The ice beast hits you but does no damage.
It was a potion of berserk rage.
A red film seems to cover your vision as you go berserk!
You feel yourself moving faster!
You feel mighty!
The ice beast hits you but does no damage.
You are too berserk!
Really attack while wielding the +7 shortbow of the Gloaming {freeze, rC+ Dex+3}?
Okay, then.
You are too berserk!
Really attack while wielding the +7 shortbow of the Gloaming {freeze, rC+ Dex+3}?
You clumsily bash the ice beast.
The ice beast is lightly wounded.
The ice beast hits you but does no damage. x2
You closely miss the ice beast.
The ice beast is lightly wounded.
The ice beast hits you but does no damage. x2
You barely miss the ice beast.
The ice beast is lightly wounded.
The ice beast hits you but does no damage. x2
Okay, then.
The +7 shortbow of the Gloaming {freeze, rC+ Dex+3} stops glowing.
You are now empty-handed.
The ice beast hits you but does no damage.
You completely miss the ice beast.
The ice beast is lightly wounded.
The ice beast barely misses you.
You smack the ice beast!
The ice beast is severely wounded.
The ice beast hits you.
* * * LOW HITPOINT WARNING * * *
The ice beast freezes you!
* * * LOW HITPOINT WARNING * * *
The ice beast hits you but does no damage.
You smack the ice beast!
The ice beast is almost dead.
You pummel the ice beast!!
You kill the ice beast!
The ice beast disappears in a puff of smoke!
You hit the ice beast but do no damage.
The ice beast hits you but does no damage.
You pummel the ice beast!!
The ice beast is severely wounded.
The ice beast hits you but does no damage.
The ice beast completely misses you.
You smack the ice beast!
The ice beast is almost dead.
You barely miss the ice beast.
The ice beast is almost dead.
The ice beast hits you but does no damage. x2
You pummel the ice beast!!
You kill the ice beast!
The ice beast disappears in a puff of smoke!
You are no longer berserk.
You are exhausted.
You feel yourself slow down.
The ice beast hits you but does no damage.
You smack the ice beast!
The ice beast is moderately wounded.
The ice beast hits you but does no damage.
You smack the ice beast!
The ice beast is severely wounded.
The ice beast hits you but does no damage. x2
You hit the ice beast but do no damage.
The ice beast is severely wounded.
The ice beast completely misses you.
You smack the ice beast!
You kill the ice beast!
The ice beast disappears in a puff of smoke!
You start resting.
You feel a little less clever now.
You start resting.
Your icy armour starts to melt.
Your transformation is almost over.
You start resting.
You feel yourself speed up.
You start resting.
Your icy armour evaporates.
a - a +1 falchion (weapon)
You feel agile.
The +7 shortbow of the Gloaming {freeze, rC+ Dex+3} is covered in frost.
b - the +7 shortbow of the Gloaming (weapon)
{freeze, rC+ Dex+3} You start resting.
You feel less wooden.
Your +0 cloak unmelds from your body.
Your +0 pair of boots unmelds from your body.
The +0 leather armour of Okawaru's Regard {rF+ rC+ rN+ Str+2} unmelds from your body.
You start resting.
You recover from your berserk rage.
You start resting.
Magic restored.
You start resting.
HP restored.
Really walk into a travel-excluded area?
Unknown command.
Really walk into a travel-excluded area?
Fire: b) +7 shortbow of the Gloaming {freeze, rC+ Dex+3}
Press: ? - help, Q - select action, (/) - cycle Shift-Dir - straight line, f - ice statue
Aim: an ice statue (unaware, hasn't noticed you, 95% to hit)
You shoot an arrow. The arrow hits the ice statue!
The ice statue is lightly damaged.
Casting: Ozocubu's Armour (dangerous; 2% risk of failure)
Confirm with . or Enter, or press ? or * to list all spells.
Okay, then.
Fire: b) +7 shortbow of the Gloaming {freeze, rC+ Dex+3}
Press: ? - help, Q - select action, (/) - cycle Shift-Dir - straight line, f/p - ice statue
Aim: an ice statue (lightly damaged, 95% to hit)
You shoot an arrow. The arrow hits the ice statue!
The ice statue is moderately damaged.
Fire: b) +7 shortbow of the Gloaming {freeze, rC+ Dex+3}
Press: ? - help, Q - select action, (/) - cycle Shift-Dir - straight line, f/p - ice statue
Aim: an ice statue (moderately damaged, 95% to hit)
You shoot an arrow. The arrow hits the ice statue.
The ice statue is moderately damaged.
Fire: b) +7 shortbow of the Gloaming {freeze, rC+ Dex+3}
Press: ? - help, Q - select action, (/) - cycle Shift-Dir - straight line, f/p - ice statue
Aim: an ice statue (moderately damaged, 95% to hit)
You shoot an arrow. The arrow hits the ice statue.
The ice statue is moderately damaged.
Fire: b) +7 shortbow of the Gloaming {freeze, rC+ Dex+3}
Press: ? - help, Q - select action, (/) - cycle Shift-Dir - straight line, f/p - ice statue
Aim: an ice statue (moderately damaged, 95% to hit)
You shoot an arrow. The arrow hits the ice statue!
The ice statue is heavily damaged.
The ice statue glitters chillingly in the dim dungeon light.
Fire: b) +7 shortbow of the Gloaming {freeze, rC+ Dex+3}
Press: ? - help, Q - select action, (/) - cycle Shift-Dir - straight line, f/p - ice statue
Aim: an ice statue (heavily damaged, 95% to hit)
You shoot an arrow. The arrow hits the ice statue.
The ice statue is heavily damaged.
The ice statue gestures at you. The bolt of cold misses you.
Fire: b) +7 shortbow of the Gloaming {freeze, rC+ Dex+3}
Press: ? - help, Q - select action, (/) - cycle Shift-Dir - straight line, f/p - ice statue
Aim: an ice statue (heavily damaged, 95% to hit)
You shoot an arrow. The arrow hits the ice statue.
The ice statue is severely damaged.
Fire: b) +7 shortbow of the Gloaming {freeze, rC+ Dex+3}
Press: ? - help, Q - select action, (/) - cycle Shift-Dir - straight line, f/p - ice statue
Aim: an ice statue (severely damaged, 95% to hit)
You shoot an arrow. The arrow hits the ice statue.
The ice statue is severely damaged.
The ice statue gestures at you. The freezing blast engulfs you. You resist.
Fire: b) +7 shortbow of the Gloaming {freeze, rC+ Dex+3}
Press: ? - help, Q - select action, (/) - cycle Shift-Dir - straight line, f/p - ice statue
Aim: an ice statue (freezing vapour, severely damaged, 95% to hit)
You shoot an arrow. The arrow hits the ice statue!
The ice statue is almost destroyed.
You are engulfed in freezing vapours.
You resist.
The ice statue gestures.
Fire: b) +7 shortbow of the Gloaming {freeze, rC+ Dex+3}
Press: ? - help, Q - select action, (/) - cycle Shift-Dir - straight line, f/p - ice statue
Aim: an ice statue (freezing vapour, almost destroyed, 95% to hit)
You shoot an arrow. The arrow hits the ice statue.
The ice statue is almost destroyed.
You are engulfed in freezing vapours.
You resist. The ice statue gestures at you. The shard of ice hits you!
You partially resist. The ice beast barely misses you.
Fire: b) +7 shortbow of the Gloaming {freeze, rC+ Dex+3}
Press: ? - help, Q - select action, (/) - cycle Shift-Dir - straight line, f/p - ice statue
Aim: an ice statue (freezing vapour, almost destroyed, 95% to hit)
You shoot an arrow. The arrow hits the ice statue!
You destroy the ice statue!
The ice beast disappears in a puff of smoke!
Fire: b) +7 shortbow of the Gloaming {freeze, rC+ Dex+3}
Press: ? - help, Q - select action, (/) - cycle Shift-Dir - straight line, f - you
Okay, then.
You start resting.
Magic restored.
You start resting.
HP restored.
Okay, then.
Unknown command.
A spriggan simulacrum comes into view.
You shoot an arrow.
The arrow hits the spriggan simulacrum!!
The spriggan simulacrum is almost destroyed.
An anaconda simulacrum comes into view.
An ice devil comes into view.
You shoot an arrow. The arrow hits the spriggan simulacrum!
The spriggan simulacrum vaporises!
A polar bear simulacrum comes into view.
You shoot an arrow.
The arrow hits the polar bear simulacrum.
The polar bear simulacrum is moderately damaged.
An ice devil comes into view.
Casting: Ozocubu's Armour (dangerous; 2% risk of failure)
Confirm with . or Enter, or press ? or * to list all spells.
A film of ice covers your body!
Fire: b) +7 shortbow of the Gloaming {freeze, rC+ Dex+3}
Press: ? - help, Q - select action, (/) - cycle Shift-Dir - straight line, f - ice devil
Aim: an ice devil (75% to hit)
You shoot an arrow.
The arrow hits the ice devil but does no damage.
The ice devil misses you.
Fire: b) +7 shortbow of the Gloaming {freeze, rC+ Dex+3}
Press: ? - help, Q - select action, (/) - cycle Shift-Dir - straight line, f/p - ice devil
Aim: an ice devil (75% to hit)
You shoot an arrow. The arrow hits the ice devil.
The ice devil is lightly wounded.
The ice devil hits you. The ice devil freezes you. You resist.
Fire: b) +7 shortbow of the Gloaming {freeze, rC+ Dex+3}
Press: ? - help, Q - select action, (/) - cycle Shift-Dir - straight line, f/p - ice devil
Aim: an ice devil (lightly wounded, 75% to hit)
You shoot an arrow.
The arrow hits the ice devil but does no damage.
The ice devil is lightly wounded.
The ice devil hits you. The ice devil freezes you. You resist.
Fire: b) +7 shortbow of the Gloaming {freeze, rC+ Dex+3}
Press: ? - help, Q - select action, (/) - cycle Shift-Dir - straight line, f/p - ice devil
Aim: an ice devil (lightly wounded, 75% to hit)
You shoot an arrow. The arrow closely misses the ice devil.
The ice devil barely misses you.
Fire: b) +7 shortbow of the Gloaming {freeze, rC+ Dex+3}
Press: ? - help, Q - select action, (/) - cycle Shift-Dir - straight line, f/p - ice devil
Aim: an ice devil (lightly wounded, 75% to hit)
You shoot an arrow. The arrow hits the ice devil.
The ice devil is lightly wounded.
The ice devil closely misses you.
Fire: b) +7 shortbow of the Gloaming {freeze, rC+ Dex+3}
Press: ? - help, Q - select action, (/) - cycle Shift-Dir - straight line, f/p - ice devil
Aim: an ice devil (lightly wounded, 75% to hit)
You shoot an arrow. The arrow hits the ice devil!!
The ice devil is severely wounded.
The ice devil hits you but does no damage.
Fire: b) +7 shortbow of the Gloaming {freeze, rC+ Dex+3}
Press: ? - help, Q - select action, (/) - cycle Shift-Dir - straight line, f/p - ice devil
Aim: an ice devil (severely wounded, 75% to hit)
You shoot an arrow. The arrow barely misses the ice devil.
The ice devil hits you but does no damage.
Fire: b) +7 shortbow of the Gloaming {freeze, rC+ Dex+3}
Press: ? - help, Q - select action, (/) - cycle Shift-Dir - straight line, f/p - ice devil
Aim: an ice devil (severely wounded, 75% to hit)
You shoot an arrow. The arrow hits the ice devil!
The ice devil is severely wounded.
The ice devil closely misses you.
Fire: b) +7 shortbow of the Gloaming {freeze, rC+ Dex+3}
Press: ? - help, Q - select action, (/) - cycle Shift-Dir - straight line, f/p - ice devil
Aim: an ice devil (severely wounded, 75% to hit)
You shoot an arrow. The arrow hits the ice devil!
You kill the ice devil!
You start resting.
Magic restored.
You start resting.
Your icy armour starts to melt.
You start resting.
Your icy armour evaporates.
You start resting.
HP restored.
You see here a +2 mace of freezing.
v - a +2 mace of freezing You see here a +0 buckler of cold resistance.
D - a +0 buckler of cold resistance An ice devil is nearby!
Fire: b) +7 shortbow of the Gloaming {freeze, rC+ Dex+3}
Press: ? - help, Q - select action, (/) - cycle Shift-Dir - straight line, f - ice devil
Aim: an ice devil (wandering, hasn't noticed you, 75% to hit)
You shoot an arrow. The arrow hits the ice devil!
The ice devil is lightly wounded.
Fire: b) +7 shortbow of the Gloaming {freeze, rC+ Dex+3}
Press: ? - help, Q - select action, (/) - cycle Shift-Dir - straight line, f/p - ice devil
Aim: an ice devil (lightly wounded, 75% to hit)
You shoot an arrow. The arrow hits the ice devil.
The ice devil is moderately wounded.
Fire: b) +7 shortbow of the Gloaming {freeze, rC+ Dex+3}
Press: ? - help, Q - select action, (/) - cycle Shift-Dir - straight line, f/p - ice devil
Aim: an ice devil (moderately wounded, 75% to hit)
You shoot an arrow. The arrow hits the ice devil.
The ice devil is moderately wounded.
Fire: b) +7 shortbow of the Gloaming {freeze, rC+ Dex+3}
Press: ? - help, Q - select action, (/) - cycle Shift-Dir - straight line, f/p - ice devil
Aim: an ice devil (moderately wounded, 75% to hit)
You shoot an arrow.
The arrow hits the ice devil but does no damage.
The ice devil is moderately wounded.
Fire: b) +7 shortbow of the Gloaming {freeze, rC+ Dex+3}
Press: ? - help, Q - select action, (/) - cycle Shift-Dir - straight line, f/p - ice devil
Aim: an ice devil (moderately wounded, 75% to hit)
You shoot an arrow.
The arrow completely misses the ice devil.
Casting: Ozocubu's Armour (dangerous; 2% risk of failure)
Confirm with . or Enter, or press ? or * to list all spells.
A film of ice covers your body! The ice devil barely misses you.
Fire: b) +7 shortbow of the Gloaming {freeze, rC+ Dex+3}
Press: ? - help, Q - select action, (/) - cycle Shift-Dir - straight line, f/p - ice devil
Aim: an ice devil (moderately wounded, 75% to hit)
You shoot an arrow. The arrow closely misses the ice devil.
The ice devil hits you but does no damage.
Fire: b) +7 shortbow of the Gloaming {freeze, rC+ Dex+3}
Press: ? - help, Q - select action, (/) - cycle Shift-Dir - straight line, f/p - ice devil
Aim: an ice devil (moderately wounded, 75% to hit)
You shoot an arrow. The arrow hits the ice devil!
The ice devil is heavily wounded.
The ice devil barely misses you.
Fire: b) +7 shortbow of the Gloaming {freeze, rC+ Dex+3}
Press: ? - help, Q - select action, (/) - cycle Shift-Dir - straight line, f/p - ice devil
Aim: an ice devil (heavily wounded, 75% to hit)
You shoot an arrow. The arrow hits the ice devil!
The ice devil is almost dead.
The ice devil hits you but does no damage.
Fire: b) +7 shortbow of the Gloaming {freeze, rC+ Dex+3}
Press: ? - help, Q - select action, (/) - cycle Shift-Dir - straight line, f/p - ice devil
Aim: an ice devil (almost dead, 75% to hit)
You shoot an arrow. The arrow closely misses the ice devil.
The ice devil hits you. The ice devil freezes you. You resist.
Fire: b) +7 shortbow of the Gloaming {freeze, rC+ Dex+3}
Press: ? - help, Q - select action, (/) - cycle Shift-Dir - straight line, f/p - ice devil
Aim: an ice devil (almost dead, 75% to hit)
You shoot an arrow. The arrow barely misses the ice devil.
The ice devil hits you but does no damage.
Fire: b) +7 shortbow of the Gloaming {freeze, rC+ Dex+3}
Press: ? - help, Q - select action, (/) - cycle Shift-Dir - straight line, f/p - ice devil
Aim: an ice devil (severely wounded, 75% to hit)
You shoot an arrow. The arrow hits the ice devil!
You kill the ice devil!
You start resting.
HP restored.
Your icy armour cracks and falls away as you move.
An ufetubus comes into view.
Fire: b) +7 shortbow of the Gloaming {freeze, rC+ Dex+3}
Press: ? - help, Q - select action, (/) - cycle Shift-Dir - straight line, f - ufetubus
Aim: an ufetubus (asleep, 98% to hit)
You shoot an arrow. The arrow hits the ufetubus!
The arrow freezes the ufetubus.
You kill the ufetubus!
Fire: b) +7 shortbow of the Gloaming {freeze, rC+ Dex+3}
Press: ? - help, Q - select action, (/) - cycle Shift-Dir - straight line, f - polar bear simulacrum
Aim: a polar bear simulacrum (moderately damaged, wandering, hasn't noticed you, 90% to hit)
You shoot an arrow.
The arrow hits the polar bear simulacrum!
The polar bear simulacrum is heavily damaged.
Fire: b) +7 shortbow of the Gloaming {freeze, rC+ Dex+3}
Press: ? - help, Q - select action, (/) - cycle Shift-Dir - straight line, f/p - polar bear simulacrum
Aim: a polar bear simulacrum (heavily damaged, 90% to hit)
You shoot an arrow.
The arrow hits the polar bear simulacrum!!
The polar bear simulacrum vaporises! 2 death yak simulacra come into view.
Fire: b) +7 shortbow of the Gloaming {freeze, rC+ Dex+3}
Press: ? - help, Q - select action, (/) - cycle Shift-Dir - straight line, f - death yak simulacrum
Aim: a death yak simulacrum (dormant, 98% to hit)
You shoot an arrow.
The arrow hits the death yak simulacrum!!
The death yak simulacrum is heavily damaged.
Fire: b) +7 shortbow of the Gloaming {freeze, rC+ Dex+3}
Press: ? - help, Q - select action, (/) - cycle Shift-Dir - straight line, f/p - death yak simulacrum
Aim: a death yak simulacrum (heavily damaged, 98% to hit)
You shoot an arrow.
The arrow hits the death yak simulacrum.
The death yak simulacrum is heavily damaged.
Fire: b) +7 shortbow of the Gloaming {freeze, rC+ Dex+3}
Press: ? - help, Q - select action, (/) - cycle Shift-Dir - straight line, f/p - death yak simulacrum
Aim: a death yak simulacrum (heavily damaged, 98% to hit)
You shoot an arrow.
The arrow hits the death yak simulacrum.
The death yak simulacrum is heavily damaged.
Fire: b) +7 shortbow of the Gloaming {freeze, rC+ Dex+3}
Press: ? - help, Q - select action, (/) - cycle Shift-Dir - straight line, f/p - death yak simulacrum
Aim: a death yak simulacrum (heavily damaged, 98% to hit)
You shoot an arrow.
The arrow hits the death yak simulacrum!
The death yak simulacrum is almost destroyed.
Fire: b) +7 shortbow of the Gloaming {freeze, rC+ Dex+3}
Press: ? - help, Q - select action, (/) - cycle Shift-Dir - straight line, f/p - death yak simulacrum
Aim: a death yak simulacrum (almost destroyed, 98% to hit)
You shoot an arrow.
The arrow hits the death yak simulacrum!
The death yak simulacrum vaporises!
Fire: b) +7 shortbow of the Gloaming {freeze, rC+ Dex+3}
Press: ? - help, Q - select action, (/) - cycle Shift-Dir - straight line, f - death yak simulacrum
Aim: a death yak simulacrum (98% to hit)
You shoot an arrow.
The arrow hits the death yak simulacrum!
The death yak simulacrum is moderately damaged.
Fire: b) +7 shortbow of the Gloaming {freeze, rC+ Dex+3}
Press: ? - help, Q - select action, (/) - cycle Shift-Dir - straight line, f/p - death yak simulacrum
Aim: a death yak simulacrum (moderately damaged, 98% to hit)
You shoot an arrow.
The arrow hits the death yak simulacrum!
The death yak simulacrum is heavily damaged.
Fire: b) +7 shortbow of the Gloaming {freeze, rC+ Dex+3}
Press: ? - help, Q - select action, (/) - cycle Shift-Dir - straight line, f/p - death yak simulacrum
Aim: a death yak simulacrum (heavily damaged, 98% to hit)
You shoot an arrow.
The arrow hits the death yak simulacrum!
The death yak simulacrum is heavily damaged.
Fire: b) +7 shortbow of the Gloaming {freeze, rC+ Dex+3}
Press: ? - help, Q - select action, (/) - cycle Shift-Dir - straight line, f/p - death yak simulacrum
Aim: a death yak simulacrum (heavily damaged, 98% to hit)
You shoot an arrow.
The arrow hits the death yak simulacrum.
The death yak simulacrum is severely damaged.
Fire: b) +7 shortbow of the Gloaming {freeze, rC+ Dex+3}
Press: ? - help, Q - select action, (/) - cycle Shift-Dir - straight line, f/p - death yak simulacrum
Aim: a death yak simulacrum (severely damaged, 98% to hit)
You shoot an arrow.
The arrow hits the death yak simulacrum!
The death yak simulacrum is almost destroyed.
Fire: b) +7 shortbow of the Gloaming {freeze, rC+ Dex+3}
Press: ? - help, Q - select action, (/) - cycle Shift-Dir - straight line, f/p - death yak simulacrum
Aim: a death yak simulacrum (almost destroyed, 98% to hit)
You shoot an arrow.
The arrow hits the death yak simulacrum.
The death yak simulacrum vaporises!
You start waiting.
An anaconda simulacrum is nearby!
Fire: b) +7 shortbow of the Gloaming {freeze, rC+ Dex+3}
Press: ? - help, Q - select action, (/) - cycle Shift-Dir - straight line, f - anaconda simulacrum
Aim: an anaconda simulacrum (freezing vapour, wandering, hasn't noticed you, 73% to hit)
You shoot an arrow. The arrow hits the anaconda simulacrum!
The anaconda simulacrum is moderately damaged.
Fire: b) +7 shortbow of the Gloaming {freeze, rC+ Dex+3}
Press: ? - help, Q - select action, (/) - cycle Shift-Dir - straight line, f/p - anaconda simulacrum
Aim: an anaconda simulacrum (moderately damaged, 73% to hit)
You shoot an arrow. The arrow hits the anaconda simulacrum!
The anaconda simulacrum is heavily damaged.
Fire: b) +7 shortbow of the Gloaming {freeze, rC+ Dex+3}
Press: ? - help, Q - select action, (/) - cycle Shift-Dir - straight line, f/p - anaconda simulacrum
Aim: an anaconda simulacrum (freezing vapour, heavily damaged, 73% to hit)
You shoot an arrow.
The arrow closely misses the anaconda simulacrum.
The anaconda simulacrum grabs you.
The anaconda simulacrum bites you but does no damage.
The anaconda simulacrum constricts you.
Fire: b) +7 shortbow of the Gloaming {freeze, rC+ Dex+3}
Press: ? - help, Q - select action, (/) - cycle Shift-Dir - straight line, f/p - anaconda simulacrum
Aim: an anaconda simulacrum (heavily damaged, constricting you, 73% to hit)
You shoot an arrow. The arrow hits the anaconda simulacrum.
The anaconda simulacrum is severely damaged.
The anaconda simulacrum bites you. The anaconda simulacrum freezes you.
You resist. The anaconda simulacrum constricts you.
Fire: b) +7 shortbow of the Gloaming {freeze, rC+ Dex+3}
Press: ? - help, Q - select action, (/) - cycle Shift-Dir - straight line, f/p - anaconda simulacrum
Aim: an anaconda simulacrum (severely damaged, constricting you, 73% to hit)
You shoot an arrow. The arrow hits the anaconda simulacrum!
The anaconda simulacrum vaporises!
You start resting.
A troll simulacrum comes into view.
You start resting.
Magic restored.
You start resting.
HP restored.
A two-headed ogre simulacrum comes into view.
Fire: b) +7 shortbow of the Gloaming {freeze, rC+ Dex+3}
Press: ? - help, Q - select action, (/) - cycle Shift-Dir - straight line, f - two-headed ogre simulacrum
Aim: a two-headed ogre simulacrum (95% to hit)
You shoot an arrow.
The arrow hits the two-headed ogre simulacrum.
The two-headed ogre simulacrum is lightly damaged.
Fire: b) +7 shortbow of the Gloaming {freeze, rC+ Dex+3}
Press: ? - help, Q - select action, (/) - cycle Shift-Dir - straight line, f/p - two-headed ogre simulacrum
Aim: a two-headed ogre simulacrum (lightly damaged, 95% to hit)
You shoot an arrow.
The arrow hits the two-headed ogre simulacrum!
The two-headed ogre simulacrum is severely damaged.
Fire: b) +7 shortbow of the Gloaming {freeze, rC+ Dex+3}
Press: ? - help, Q - select action, (/) - cycle Shift-Dir - straight line, f/p - two-headed ogre simulacrum
Aim: a two-headed ogre simulacrum (severely damaged, 95% to hit)
You shoot an arrow.
The arrow hits the two-headed ogre simulacrum!
The two-headed ogre simulacrum vaporises!
A reaper comes into view.
It is wielding a +2 scythe of freezing and wearing a +2 robe of cold resistance.
Found a morningstar.
You are engulfed in freezing vapours.
You resist.
Magic restored.
Fire: b) +7 shortbow of the Gloaming {freeze, rC+ Dex+3}
Press: ? - help, Q - select action, (/) - cycle Shift-Dir - straight line, f - troll simulacrum
Aim: a troll simulacrum (wandering, hasn't noticed you, 86% to hit)
You shoot an arrow. The arrow hits the troll simulacrum!
The troll simulacrum is heavily damaged.
You are engulfed in freezing vapours.
You resist.
A cane toad simulacrum comes into view.
Fire: b) +7 shortbow of the Gloaming {freeze, rC+ Dex+3}
Press: ? - help, Q - select action, (/) - cycle Shift-Dir - straight line, f/p - troll simulacrum
Aim: a troll simulacrum (heavily damaged, 86% to hit)
You shoot an arrow. The arrow hits the troll simulacrum.
The troll simulacrum is severely damaged.
Fire: b) +7 shortbow of the Gloaming {freeze, rC+ Dex+3}
Press: ? - help, Q - select action, (/) - cycle Shift-Dir - straight line, f/p - troll simulacrum
Aim: a troll simulacrum (severely damaged, 86% to hit)
You shoot an arrow. The arrow hits the troll simulacrum!
The troll simulacrum vaporises!
Fire: b) +7 shortbow of the Gloaming {freeze, rC+ Dex+3}
Press: ? - help, Q - select action, (/) - cycle Shift-Dir - straight line, f - cane toad simulacrum
Aim: a cane toad simulacrum (freezing vapour, 88% to hit)
You shoot an arrow.
The arrow hits the cane toad simulacrum!
The cane toad simulacrum is moderately damaged.
Fire: b) +7 shortbow of the Gloaming {freeze, rC+ Dex+3}
Press: ? - help, Q - select action, (/) - cycle Shift-Dir - straight line, f/p - cane toad simulacrum
Aim: a cane toad simulacrum (moderately damaged, 88% to hit)
You shoot an arrow.
The arrow hits the cane toad simulacrum.
The cane toad simulacrum is heavily damaged.
Fire: b) +7 shortbow of the Gloaming {freeze, rC+ Dex+3}
Press: ? - help, Q - select action, (/) - cycle Shift-Dir - straight line, f/p - cane toad simulacrum
Aim: a cane toad simulacrum (heavily damaged, 88% to hit)
You shoot an arrow.
The arrow hits the cane toad simulacrum but does no damage.
The cane toad simulacrum is heavily damaged.
The cane toad simulacrum misses you.
Fire: b) +7 shortbow of the Gloaming {freeze, rC+ Dex+3}
Press: ? - help, Q - select action, (/) - cycle Shift-Dir - straight line, f/p - cane toad simulacrum
Aim: a cane toad simulacrum (heavily damaged, 88% to hit)
You shoot an arrow.
The arrow hits the cane toad simulacrum!
The cane toad simulacrum vaporises!
An ice devil comes into view.
An ice devil comes into view.
Fire: b) +7 shortbow of the Gloaming {freeze, rC+ Dex+3}
Press: ? - help, Q - select action, (/) - cycle Shift-Dir - straight line, f - ice devil
Aim: an ice devil (75% to hit)
You shoot an arrow.
The arrow hits the ice devil but does no damage.
Fire: b) +7 shortbow of the Gloaming {freeze, rC+ Dex+3}
Press: ? - help, Q - select action, (/) - cycle Shift-Dir - straight line, f/p - ice devil
Aim: an ice devil (75% to hit)
You shoot an arrow. The arrow hits the ice devil!
The ice devil is moderately wounded.
Fire: b) +7 shortbow of the Gloaming {freeze, rC+ Dex+3}
Press: ? - help, Q - select action, (/) - cycle Shift-Dir - straight line, f - ice devil, p - ice devil
Aim: an ice devil (75% to hit)
You shoot an arrow. The arrow barely misses the ice devil.
The arrow hits the ice devil.
The ice devil is lightly wounded.
Fire: b) +7 shortbow of the Gloaming {freeze, rC+ Dex+3}
Press: ? - help, Q - select action, (/) - cycle Shift-Dir - straight line, f - ice devil, p - ice devil
Aim: an ice devil (moderately wounded, 75% to hit)
You shoot an arrow. The arrow hits the ice devil.
The ice devil is moderately wounded.
Fire: b) +7 shortbow of the Gloaming {freeze, rC+ Dex+3}
Press: ? - help, Q - select action, (/) - cycle Shift-Dir - straight line, f/p - ice devil
Aim: an ice devil (moderately wounded, 75% to hit)
You shoot an arrow. The arrow hits the ice devil!
The ice devil is heavily wounded.
Casting: Ozocubu's Armour (dangerous; 2% risk of failure)
Confirm with . or Enter, or press ? or * to list all spells.
A film of ice covers your body!
Fire: b) +7 shortbow of the Gloaming {freeze, rC+ Dex+3}
Press: ? - help, Q - select action, (/) - cycle Shift-Dir - straight line, f - ice devil, p - ice devil
Aim: an ice devil (lightly wounded, 75% to hit)
You shoot an arrow.
The arrow hits the ice devil but does no damage.
The ice devil is heavily wounded.
Fire: b) +7 shortbow of the Gloaming {freeze, rC+ Dex+3}
Press: ? - help, Q - select action, (/) - cycle Shift-Dir - straight line, f - ice devil, p - ice devil
Aim: an ice devil (heavily wounded, 75% to hit)
You shoot an arrow. The arrow hits the ice devil.
The ice devil is severely wounded.
The ice devil hits you. The ice devil freezes you. You resist.
Fire: b) +7 shortbow of the Gloaming {freeze, rC+ Dex+3}
Press: ? - help, Q - select action, (/) - cycle Shift-Dir - straight line, f/p - ice devil
Aim: an ice devil (heavily wounded, 75% to hit)
You shoot an arrow. The arrow hits the ice devil.
The ice devil is severely wounded.
The ice devil hits you. The ice devil freezes you. You resist.
The ice devil misses you.
Fire: b) +7 shortbow of the Gloaming {freeze, rC+ Dex+3}
Press: ? - help, Q - select action, (/) - cycle Shift-Dir - straight line, f/p - ice devil
Aim: an ice devil (severely wounded, 75% to hit)
You shoot an arrow. The arrow hits the ice devil!
The ice devil is almost dead.
Fire: b) +7 shortbow of the Gloaming {freeze, rC+ Dex+3}
Press: ? - help, Q - select action, (/) - cycle Shift-Dir - straight line, f/p - ice devil
Aim: an ice devil (almost dead, 75% to hit)
You shoot an arrow. The arrow hits the ice devil!
You kill the ice devil!
The ice devil hits you. The ice devil freezes you! You resist.
Your Fighting skill increases to level 5!
Fire: b) +7 shortbow of the Gloaming {freeze, rC+ Dex+3}
Press: ? - help, Q - select action, (/) - cycle Shift-Dir - straight line, f - ice devil
Aim: an ice devil (lightly wounded, 75% to hit)
You shoot an arrow. The arrow hits the ice devil.
The ice devil is lightly wounded.
The ice devil hits you! The ice devil freezes you. You resist.
Fire: b) +7 shortbow of the Gloaming {freeze, rC+ Dex+3}
Press: ? - help, Q - select action, (/) - cycle Shift-Dir - straight line, f/p - ice devil
Aim: an ice devil (lightly wounded, 75% to hit)
You shoot an arrow. The arrow hits the ice devil!
The ice devil is moderately wounded.
The ice devil hits you but does no damage.
Fire: b) +7 shortbow of the Gloaming {freeze, rC+ Dex+3}
Press: ? - help, Q - select action, (/) - cycle Shift-Dir - straight line, f/p - ice devil
Aim: an ice devil (moderately wounded, 75% to hit)
You shoot an arrow. The arrow closely misses the ice devil.
The ice devil closely misses you.
Fire: b) +7 shortbow of the Gloaming {freeze, rC+ Dex+3}
Press: ? - help, Q - select action, (/) - cycle Shift-Dir - straight line, f/p - ice devil
Aim: an ice devil (moderately wounded, 75% to hit)
You shoot an arrow. The arrow hits the ice devil!
The ice devil is heavily wounded.
The ice devil closely misses you.
Fire: b) +7 shortbow of the Gloaming {freeze, rC+ Dex+3}
Press: ? - help, Q - select action, (/) - cycle Shift-Dir - straight line, f/p - ice devil
Aim: an ice devil (heavily wounded, 75% to hit)
You shoot an arrow. The arrow hits the ice devil!
The ice devil is almost dead.
The ice devil barely misses you.
Fire: b) +7 shortbow of the Gloaming {freeze, rC+ Dex+3}
Press: ? - help, Q - select action, (/) - cycle Shift-Dir - straight line, f/p - ice devil
Aim: an ice devil (almost dead, 75% to hit)
You shoot an arrow.
The arrow hits the ice devil but does no damage.
The ice devil is almost dead.
The ice devil hits you. The ice devil freezes you. You resist.
Fire: b) +7 shortbow of the Gloaming {freeze, rC+ Dex+3}
Press: ? - help, Q - select action, (/) - cycle Shift-Dir - straight line, f/p - ice devil
Aim: an ice devil (almost dead, 75% to hit)
You shoot an arrow. The arrow hits the ice devil.
You kill the ice devil!
You start resting.
Your icy armour starts to melt.
You start resting.
Your icy armour evaporates.
You start resting.
Magic restored.
You start resting.
HP restored.
An elephant simulacrum and a harpy simulacrum come into view.
The harpy simulacrum barely misses you. x2
The harpy simulacrum attacks as you move away!
The harpy simulacrum completely misses you.
The harpy simulacrum closely misses you.
The harpy simulacrum barely misses you. The harpy simulacrum claws you.
The harpy simulacrum freezes you. You resist.
Fire: b) +7 shortbow of the Gloaming {freeze, rC+ Dex+3}
Press: ? - help, Q - select action, (/) - cycle Shift-Dir - straight line, f - harpy simulacrum
Aim: a harpy simulacrum (86% to hit)
You shoot an arrow. The arrow hits the harpy simulacrum.
The harpy simulacrum is moderately damaged.
The harpy simulacrum closely misses you. x2
The harpy simulacrum misses you.
The harpy simulacrum claws you but does no damage.
Fire: b) +7 shortbow of the Gloaming {freeze, rC+ Dex+3}
Press: ? - help, Q - select action, (/) - cycle Shift-Dir - straight line, f/p - harpy simulacrum
Aim: a harpy simulacrum (moderately damaged, 86% to hit)
You shoot an arrow. The arrow hits the harpy simulacrum!!
The harpy simulacrum vaporises!
You start resting.
HP restored.
You start resting.
Magic restored.
Fire: b) +7 shortbow of the Gloaming {freeze, rC+ Dex+3}
Press: ? - help, Q - select action, (/) - cycle Shift-Dir - straight line, f - elephant simulacrum
Aim: an elephant simulacrum (dormant, 98% to hit)
You shoot an arrow.
The arrow hits the elephant simulacrum!!
The elephant simulacrum is severely damaged.
You are engulfed in freezing vapours.
You resist.
An ice devil comes into view.
Fire: b) +7 shortbow of the Gloaming {freeze, rC+ Dex+3}
Press: ? - help, Q - select action, (/) - cycle Shift-Dir - straight line, f - ice devil
Aim: an ice devil (75% to hit)
You shoot an arrow. The arrow closely misses the ice devil.
Fire: b) +7 shortbow of the Gloaming {freeze, rC+ Dex+3}
Press: ? - help, Q - select action, (/) - cycle Shift-Dir - straight line, f/p - ice devil
Aim: an ice devil (75% to hit)
You shoot an arrow. The arrow closely misses the ice devil.
Fire: b) +7 shortbow of the Gloaming {freeze, rC+ Dex+3}
Press: ? - help, Q - select action, (/) - cycle Shift-Dir - straight line, f/p - ice devil
Aim: an ice devil (75% to hit)
You shoot an arrow. The arrow closely misses the ice devil.
Casting: Ozocubu's Armour (dangerous; 2% risk of failure)
Confirm with . or Enter, or press ? or * to list all spells.
You miscast Ozocubu's Armour.
You are very lightly contaminated with residual magic.
Nothing appears to happen.
Fire: b) +7 shortbow of the Gloaming {freeze, rC+ Dex+3}
Press: ? - help, Q - select action, (/) - cycle Shift-Dir - straight line, f - elephant simulacrum, p - ice devil
Aim: an elephant simulacrum (severely damaged, 98% to hit)
You shoot an arrow. The arrow hits the ice devil.
The ice devil is lightly wounded.
Fire: b) +7 shortbow of the Gloaming {freeze, rC+ Dex+3}
Press: ? - help, Q - select action, (/) - cycle Shift-Dir - straight line, f/p - elephant simulacrum
Aim: an elephant simulacrum (severely damaged, 98% to hit)
You shoot an arrow. The arrow hits the ice devil.
The ice devil is lightly wounded.
The ice devil hits you but does no damage.
Fire: b) +7 shortbow of the Gloaming {freeze, rC+ Dex+3}
Press: ? - help, Q - select action, (/) - cycle Shift-Dir - straight line, f/p - elephant simulacrum
Aim: an elephant simulacrum (severely damaged, 98% to hit)
You shoot an arrow. The arrow barely misses the ice devil.
The arrow hits the elephant simulacrum!
The elephant simulacrum vaporises!
The ice devil closely misses you.
Fire: b) +7 shortbow of the Gloaming {freeze, rC+ Dex+3}
Press: ? - help, Q - select action, (/) - cycle Shift-Dir - straight line, f - ice devil
Aim: an ice devil (lightly wounded, 75% to hit)
You shoot an arrow. The arrow hits the ice devil!
The ice devil is moderately wounded.
The ice devil completely misses you.
Fire: b) +7 shortbow of the Gloaming {freeze, rC+ Dex+3}
Press: ? - help, Q - select action, (/) - cycle Shift-Dir - straight line, f/p - ice devil
Aim: an ice devil (moderately wounded, 75% to hit)
You shoot an arrow. The arrow barely misses the ice devil.
The ice devil hits you. The ice devil freezes you. You resist.
The ice devil barely misses you.
Fire: b) +7 shortbow of the Gloaming {freeze, rC+ Dex+3}
Press: ? - help, Q - select action, (/) - cycle Shift-Dir - straight line, f/p - ice devil
Aim: an ice devil (moderately wounded, 75% to hit)
You shoot an arrow. The arrow barely misses the ice devil.
The ice devil completely misses you.
Fire: b) +7 shortbow of the Gloaming {freeze, rC+ Dex+3}
Press: ? - help, Q - select action, (/) - cycle Shift-Dir - straight line, f/p - ice devil
Aim: an ice devil (moderately wounded, 75% to hit)
You shoot an arrow. The arrow hits the ice devil.
The ice devil is moderately wounded.
Your magical contamination has completely faded away.
Fire: b) +7 shortbow of the Gloaming {freeze, rC+ Dex+3}
Press: ? - help, Q - select action, (/) - cycle Shift-Dir - straight line, f/p - ice devil
Aim: an ice devil (moderately wounded, 75% to hit)
You shoot an arrow.
The arrow hits the ice devil but does no damage.
The ice devil is moderately wounded.
The ice devil hits you but does no damage.
Fire: b) +7 shortbow of the Gloaming {freeze, rC+ Dex+3}
Press: ? - help, Q - select action, (/) - cycle Shift-Dir - straight line, f/p - ice devil
Aim: an ice devil (moderately wounded, 75% to hit)
You shoot an arrow.
The arrow completely misses the ice devil.
The ice devil closely misses you.
Fire: b) +7 shortbow of the Gloaming {freeze, rC+ Dex+3}
Press: ? - help, Q - select action, (/) - cycle Shift-Dir - straight line, f/p - ice devil
Aim: an ice devil (moderately wounded, 75% to hit)
You shoot an arrow. The arrow barely misses the ice devil.
The ice devil hits you. The ice devil freezes you. You resist.
Fire: b) +7 shortbow of the Gloaming {freeze, rC+ Dex+3}
Press: ? - help, Q - select action, (/) - cycle Shift-Dir - straight line, f/p - ice devil
Aim: an ice devil (moderately wounded, 75% to hit)
You shoot an arrow. The arrow hits the ice devil.
The ice devil is moderately wounded.
The ice devil closely misses you.
Fire: b) +7 shortbow of the Gloaming {freeze, rC+ Dex+3}
Press: ? - help, Q - select action, (/) - cycle Shift-Dir - straight line, f/p - ice devil
Aim: an ice devil (moderately wounded, 75% to hit)
You shoot an arrow. The arrow hits the ice devil.
The ice devil is moderately wounded.
The ice devil misses you.
Fire: b) +7 shortbow of the Gloaming {freeze, rC+ Dex+3}
Press: ? - help, Q - select action, (/) - cycle Shift-Dir - straight line, f/p - ice devil
Aim: an ice devil (moderately wounded, 75% to hit)
You shoot an arrow. The arrow closely misses the ice devil.
The ice devil hits you but does no damage.
Fire: b) +7 shortbow of the Gloaming {freeze, rC+ Dex+3}
Press: ? - help, Q - select action, (/) - cycle Shift-Dir - straight line, f/p - ice devil
Aim: an ice devil (moderately wounded, 75% to hit)
You shoot an arrow. The arrow hits the ice devil!!
The ice devil is severely wounded.
The ice devil hits you but does no damage.
Fire: b) +7 shortbow of the Gloaming {freeze, rC+ Dex+3}
Press: ? - help, Q - select action, (/) - cycle Shift-Dir - straight line, f/p - ice devil
Aim: an ice devil (severely wounded, 75% to hit)
You shoot an arrow. The arrow barely misses the ice devil.
The ice devil hits you. The ice devil freezes you! You resist.
Fire: b) +7 shortbow of the Gloaming {freeze, rC+ Dex+3}
Press: ? - help, Q - select action, (/) - cycle Shift-Dir - straight line, f/p - ice devil
Aim: an ice devil (severely wounded, 75% to hit)
You shoot an arrow.
The arrow hits the ice devil but does no damage.
The ice devil is severely wounded.
The ice devil hits you! The ice devil freezes you. You resist.
Fire: b) +7 shortbow of the Gloaming {freeze, rC+ Dex+3}
Press: ? - help, Q - select action, (/) - cycle Shift-Dir - straight line, f/p - ice devil
Aim: an ice devil (severely wounded, 75% to hit)
You shoot an arrow.
The arrow hits the ice devil but does no damage.
The ice devil is severely wounded.
The ice devil completely misses you.
Fire: b) +7 shortbow of the Gloaming {freeze, rC+ Dex+3}
Press: ? - help, Q - select action, (/) - cycle Shift-Dir - straight line, f/p - ice devil
Aim: an ice devil (severely wounded, 75% to hit)
You shoot an arrow.
The arrow hits the ice devil but does no damage.
The ice devil is severely wounded.
The ice devil hits you but does no damage.
Fire: b) +7 shortbow of the Gloaming {freeze, rC+ Dex+3}
Press: ? - help, Q - select action, (/) - cycle Shift-Dir - straight line, f/p - ice devil
Aim: an ice devil (severely wounded, 75% to hit)
You shoot an arrow. The arrow hits the ice devil!
The ice devil is almost dead.
The ice devil hits you but does no damage.
Fire: b) +7 shortbow of the Gloaming {freeze, rC+ Dex+3}
Press: ? - help, Q - select action, (/) - cycle Shift-Dir - straight line, f/p - ice devil
Aim: an ice devil (almost dead, 75% to hit)
You shoot an arrow. The arrow hits the ice devil!
You kill the ice devil!
You start resting.
Magic restored.
You start resting.
HP restored.
You are engulfed in freezing vapours.
You resist.
You are engulfed in freezing vapours.
You resist.
You start resting.
You are engulfed in freezing vapours.
You resist.
You are engulfed in freezing vapours.
You resist.
You start resting.
Magic restored.
You start resting.
HP restored.
Unknown command.
Unknown command.
Casting: Ozocubu's Armour (dangerous; 2% risk of failure)
Confirm with . or Enter, or press ? or * to list all spells.
A film of ice covers your body! What are your orders? t - Shout!
Orders for allies: a - Attack new target. r - Retreat! s - Stop attacking. g - Guard the area. f - Follow me.
Anything else - Cancel.
You shout for attention!
Aiming: Fastroot
Press: ? - help, Shift-Dir - straight line, f - you
Okay, then.
Unknown command.
Fire: b) +7 shortbow of the Gloaming {freeze, rC+ Dex+3}
Press: ? - help, Q - select action, (/) - cycle Shift-Dir - straight line, f - reaper
Aim: a reaper, wielding a +2 scythe of freezing, wearing a +2 robe of cold resistance and wearing a ring of protection from cold (75% to hit)
You shoot an arrow.
The arrow hits the reaper but does no damage.
Aiming: Fastroot
Press: ? - help, Shift-Dir - straight line, p - reaper The roots erupt in riotous growth!
Roots grab the reaper.
The grasping roots constrict the reaper.
The reaper struggles to escape constriction.
Fire: b) +7 shortbow of the Gloaming {freeze, rC+ Dex+3}
Press: ? - help, Q - select action, (/) - cycle Shift-Dir - straight line, f - reaper
Aim: a reaper, wielding a +2 scythe of freezing, wearing a +2 robe of cold resistance and wearing a ring of protection from cold (lightly wounded, constricted by roots, 93% to hit)
You shoot an arrow. The arrow hits the reaper.
The reaper is lightly wounded.
The grasping roots constrict the reaper, but do no damage.
The roots release their grip on the reaper.
Aiming: Fastroot
Press: ? - help, Shift-Dir - straight line, f/p - reaper
Aim: a reaper, wielding a +2 scythe of freezing, wearing a +2 robe of cold resistance and wearing a ring of protection from cold (lightly wounded)
The roots erupt in riotous growth!
Roots grab the reaper.
The grasping roots constrict the reaper!
The reaper struggles to escape constriction.
Fire: b) +7 shortbow of the Gloaming {freeze, rC+ Dex+3}
Press: ? - help, Q - select action, (/) - cycle Shift-Dir - straight line, f/p - reaper
Aim: a reaper, wielding a +2 scythe of freezing, wearing a +2 robe of cold resistance and wearing a ring of protection from cold (moderately wounded, constricted by roots, 93% to hit)
You shoot an arrow.
The arrow hits the reaper but does no damage.
The reaper is moderately wounded.
The grasping roots constrict the reaper.
The roots release their grip on the reaper.
Aiming: Fastroot
Press: ? - help, Shift-Dir - straight line, f/p - reaper
Aim: a reaper, wielding a +2 scythe of freezing, wearing a +2 robe of cold resistance and wearing a ring of protection from cold (moderately wounded)
The roots erupt in riotous growth!
Roots grab the reaper.
The grasping roots constrict the reaper, but do no damage.
The reaper struggles to escape constriction.
Fire: b) +7 shortbow of the Gloaming {freeze, rC+ Dex+3}
Press: ? - help, Q - select action, (/) - cycle Shift-Dir - straight line, f/p - reaper
Aim: a reaper, wielding a +2 scythe of freezing, wearing a +2 robe of cold resistance and wearing a ring of protection from cold (moderately wounded, constricted by roots, 93% to hit)
You shoot an arrow.
The arrow hits the reaper but does no damage.
The reaper is moderately wounded.
The grasping roots constrict the reaper, but do no damage.
The roots release their grip on the reaper.
Aiming: Fastroot
Press: ? - help, Shift-Dir - straight line, f/p - reaper
Aim: a reaper, wielding a +2 scythe of freezing, wearing a +2 robe of cold resistance and wearing a ring of protection from cold (moderately wounded)
The roots erupt in riotous growth!
Roots grab the reaper.
The grasping roots constrict the reaper.
The reaper escapes!
A death yak simulacrum comes into view.
Fire: b) +7 shortbow of the Gloaming {freeze, rC+ Dex+3}
Press: ? - help, Q - select action, (/) - cycle Shift-Dir - straight line, f/p - reaper
Aim: a reaper, wielding a +2 scythe of freezing, wearing a +2 robe of cold resistance and wearing a ring of protection from cold (moderately wounded, 75% to hit)
You shoot an arrow. The arrow hits the reaper!
The reaper is heavily wounded.
The reaper hits you from afar with a +2 scythe of freezing!
Fire: b) +7 shortbow of the Gloaming {freeze, rC+ Dex+3}
Press: ? - help, Q - select action, (/) - cycle Shift-Dir - straight line, f/p - reaper
Aim: a reaper, wielding a +2 scythe of freezing, wearing a +2 robe of cold resistance and wearing a ring of protection from cold (heavily wounded, 75% to hit)
You shoot an arrow.
The arrow hits the reaper but does no damage.
The reaper is heavily wounded.
The reaper hits you from afar with a +2 scythe of freezing!!
Fire: b) +7 shortbow of the Gloaming {freeze, rC+ Dex+3}
Press: ? - help, Q - select action, (/) - cycle Shift-Dir - straight line, f/p - reaper
Aim: a reaper, wielding a +2 scythe of freezing, wearing a +2 robe of cold resistance and wearing a ring of protection from cold (heavily wounded, 75% to hit)
You shoot an arrow. The arrow hits the reaper.
The reaper is heavily wounded.
The reaper barely misses you.
Fire: b) +7 shortbow of the Gloaming {freeze, rC+ Dex+3}
Press: ? - help, Q - select action, (/) - cycle Shift-Dir - straight line, f/p - reaper
Aim: a reaper, wielding a +2 scythe of freezing, wearing a +2 robe of cold resistance and wearing a ring of protection from cold (heavily wounded, 75% to hit)
You shoot an arrow.
The arrow hits the reaper but does no damage.
The reaper is heavily wounded.
The reaper hits you from afar with a +2 scythe of freezing!!
Okay, then.
Unknown command.
It was a potion of flight.
You feel very buoyant.
You fly up into the air.
The reaper hits you from afar with a +2 scythe of freezing.
It was a potion of heal wounds.
You feel much better. The reaper barely misses you.
Fire: b) +7 shortbow of the Gloaming {freeze, rC+ Dex+3}
Press: ? - help, Q - select action, (/) - cycle Shift-Dir - straight line, p - reaper You shoot an arrow.
The arrow barely misses the reaper.
The arrow hits the death yak simulacrum but does no damage.
The reaper closely misses you.
Okay, then.
Fire: b) +7 shortbow of the Gloaming {freeze, rC+ Dex+3}
Press: ? - help, Q - select action, (/) - cycle Shift-Dir - straight line, f - reaper
Aim: a reaper, wielding a +2 scythe of freezing, wearing a +2 robe of cold resistance and wearing a ring of protection from cold (heavily wounded, 75% to hit)
You shoot an arrow. The arrow hits the reaper!
The reaper is heavily wounded.
The reaper hits you from afar with a +2 scythe of freezing!!!
* * * LOW HITPOINT WARNING * * *
The reaper freezes you.
* * * LOW HITPOINT WARNING * * *
Blink to where?
Press: ? - help, Dir - move target, p - reaper Your icy armour will break if you move.
Continue?
Your icy armour cracks and falls away as you move.
As you read the scroll of blinking, it crumbles to dust.
Casting: Ozocubu's Armour (dangerous; 2% risk of failure)
Confirm with . or Enter, or press ? or * to list all spells.
A film of ice covers your body!
Fire: b) +7 shortbow of the Gloaming {freeze, rC+ Dex+3}
Press: ? - help, Q - select action, (/) - cycle Shift-Dir - straight line, f - death yak simulacrum
Aim: a death yak simulacrum (translocational energy, 98% to hit)
You shoot an arrow.
The arrow hits the death yak simulacrum!
The death yak simulacrum is moderately damaged.
Fire: b) +7 shortbow of the Gloaming {freeze, rC+ Dex+3}
Press: ? - help, Q - select action, (/) - cycle Shift-Dir - straight line, f - reaper, p - death yak simulacrum
Aim: a reaper, wielding a +2 scythe of freezing, wearing a +2 robe of cold resistance and wearing a ring of protection from cold (translocational energy, heavily wounded, 75% to hit)
You shoot an arrow.
The arrow hits the death yak simulacrum!
The death yak simulacrum is severely damaged.
Fire: b) +7 shortbow of the Gloaming {freeze, rC+ Dex+3}
Press: ? - help, Q - select action, (/) - cycle Shift-Dir - straight line, f - death yak simulacrum
Aim: a death yak simulacrum (severely damaged, 98% to hit)
You shoot an arrow.
The arrow hits the death yak simulacrum.
The death yak simulacrum is almost destroyed.
Fire: b) +7 shortbow of the Gloaming {freeze, rC+ Dex+3}
Press: ? - help, Q - select action, (/) - cycle Shift-Dir - straight line, f - reaper
Aim: a reaper, wielding a +2 scythe of freezing, wearing a +2 robe of cold resistance and wearing a ring of protection from cold (heavily wounded, 75% to hit)
You shoot an arrow. The arrow hits the reaper.
The reaper is severely wounded.
Fire: b) +7 shortbow of the Gloaming {freeze, rC+ Dex+3}
Press: ? - help, Q - select action, (/) - cycle Shift-Dir - straight line, f/p - reaper
Aim: a reaper, wielding a +2 scythe of freezing, wearing a +2 robe of cold resistance and wearing a ring of protection from cold (severely wounded, 75% to hit)
You shoot an arrow.
The arrow hits the reaper but does no damage.
The reaper is severely wounded.
The reaper beckons to you.
Okay, then.
Unknown command.
Fire: b) +7 shortbow of the Gloaming {freeze, rC+ Dex+3}
Press: ? - help, Q - select action, (/) - cycle Shift-Dir - straight line, f/p - reaper
Aim: a reaper, wielding a +2 scythe of freezing, wearing a +2 robe of cold resistance and wearing a ring of protection from cold (severely wounded, 75% to hit)
You shoot an arrow. The arrow hits the reaper!
The reaper is almost dead.
Fire: b) +7 shortbow of the Gloaming {freeze, rC+ Dex+3}
Press: ? - help, Q - select action, (/) - cycle Shift-Dir - straight line, f - death yak simulacrum, p - reaper
Aim: a death yak simulacrum (almost destroyed, 98% to hit)
You shoot an arrow. The arrow hits the reaper.
The reaper is almost dead.
Fire: b) +7 shortbow of the Gloaming {freeze, rC+ Dex+3}
Press: ? - help, Q - select action, (/) - cycle Shift-Dir - straight line, p - death yak simulacrum You shoot an arrow.
The arrow completely misses the reaper.
The arrow hits the death yak simulacrum but does no damage.
The death yak simulacrum is almost destroyed.
You feel much better. The reaper completely misses you.
Fire: b) +7 shortbow of the Gloaming {freeze, rC+ Dex+3}
Press: ? - help, Q - select action, (/) - cycle Shift-Dir - straight line, f - reaper
Aim: a reaper, wielding a +2 scythe of freezing, wearing a +2 robe of cold resistance and wearing a ring of protection from cold (almost dead, 75% to hit)
You shoot an arrow.
The arrow hits the reaper but does no damage.
The reaper is almost dead.
The reaper hits you from afar with a +2 scythe of freezing!
The reaper freezes you.
Fire: b) +7 shortbow of the Gloaming {freeze, rC+ Dex+3}
Press: ? - help, Q - select action, (/) - cycle Shift-Dir - straight line, f/p - reaper
Aim: a reaper, wielding a +2 scythe of freezing, wearing a +2 robe of cold resistance and wearing a ring of protection from cold (almost dead, 75% to hit)
You shoot an arrow.
The arrow hits the reaper but does no damage.
The reaper is almost dead.
The reaper hits you from afar with a +2 scythe of freezing!
* * * LOW HITPOINT WARNING * * *
The reaper freezes you.
* * * LOW HITPOINT WARNING * * *
Fire: b) +7 shortbow of the Gloaming {freeze, rC+ Dex+3}
Press: ? - help, Q - select action, (/) - cycle Shift-Dir - straight line, f/p - reaper
Aim: a reaper, wielding a +2 scythe of freezing, wearing a +2 robe of cold resistance and wearing a ring of protection from cold (almost dead, 75% to hit)
You shoot an arrow. The arrow completely misses the reaper.
The reaper hits you from afar with a +2 scythe of freezing!
You die...

Skill      XL: |  1  2  3  4  5  6  7  8  9 10 11 |
---------------+----------------------------------+-----
Stealth        | 2 3 4 |  4.7
Spellcasting   | 2 3 4 5 |  5.0
Ice Magic      | 4 5 6 7 |  7.0
Armour         | 1 3 5 |  5.5
Ranged Weapons | 5 9 11 | 11.7
Dodging        | 2 4 5 |  5.4
Fighting       | 4 5 |  5.1

Action                     |  1- 3 |  4- 6 |  7- 9 | 10-12 || total
---------------------------+-------+-------+-------+-------++-------
  Melee: Sling             |       |     1 |       |       ||     1
         Falchion          |       |     8 |     1 |       ||     9
         Unarmed           |       |       |       |    13 ||    13
         Shortbow          |       |       |       |     3 ||     3
   Fire: Sling             |    96 |    50 |    22 |       ||   168
         Shortbow          |       |       |   160 |   482 ||   642
   Cast: Freeze            |    29 |    16 |     3 |       ||    48
         Frozen Ramparts   |     6 |    13 |    15 |    30 ||    64
         Ozocubu's Armour  |       |       |    10 |    20 ||    30
  Evoke: Wand              |       |       |     5 |     4 ||     9
    Use: Potion            |       |     1 |     1 |     7 ||     9
         Scroll            |       |       |     9 |     4 ||    13
 Armour: Robe              |     6 |     6 |       |       ||    12
         Ring mail         |       |     8 |    60 |    55 ||   123
         Leather armour    |       |       |       |    33 ||    33
         Skin              |       |       |       |    18 ||    18
  Dodge: Dodged            |    24 |    19 |    42 |   186 ||   271

Levels and vault maps discovered:
D:1:      dpeg_arrival_tiny_h, layout_loops_ring,
          hellmonk_ecumenical_altar_watching_god, kennysheep_flooded_box
D:2:      layout_loops_ring, wad_orctagon
D:3:      cheibrodos_greedy_goblins, layout_basic, lemuel_crystal_altar
D:4:      layout_loops_cross, gammafunk_ghost_abyssal_escape, uniq_ijyb
D:5:      layout_basic, mainiacjoe_overflow_chevrons, serial_shops,
          kennysheep_mini, dk_rats_in_the_wall, uniq_grinder, uniq_sigmund,
          uniq_prince_ribbit1
D:6:      minmay_general_purpose_star, layout_basic,
          mainiacjoe_overflow_six_doors_small, temple_hall, serial_shops,
          nicolae_shop_temple_entry_statues_fountains, uniq_blork_the_orc,
          uniq_maggie, uniq_pikel
D:7:      layout_gridville, hangedman_abyss_or_decor_lesser_grid, uniq_joseph
D:8:      layout_loops_corners, chequers_temple_overflow_minitemple,
          mainiacjoe_overflow_24_doors
D:9:      layout_irregular_city, serial_column_ruins, column_ruins_hut_water,
          column_ruins_temple_circle, column_ruins_open_large,
          column_ruins_open_tiny, column_ruins_open_medium, column_ruins_grid_3,
          glass_columns_b
D:10:     layout_loops_ring, david_lair_generic, orc_0_dummy
D:11:     layout_basic, portal_ice_cave_entry_imps, serial_shops,
          nicolae_shop_statue_plus
IceCv:    ice_cave_small_demon

Notes
Turn   | Place    | Note
-------+----------+-------------------------------------------
     0 | D:1      | scionoferis the Demigod Ice Elementalist began the quest
                  | for the Orb.
     0 | D:1      | Reached XP level 1. HP: 14/14 MP: 5/5
    28 | D:1      | Noticed a great orb of eyes
    31 | D:1      | Noticed a great orb of eyes
    70 | D:1      | Noticed a great orb of eyes
    70 | D:1      | Noticed an eye of devastation
   156 | D:1      | Reached skill level 2 in Stealth
   255 | D:1      | Reached XP level 2. HP: 20/20 MP: 7/7
   339 | D:1      | Reached skill level 2 in Spellcasting
   783 | D:1      | Reached skill level 4 in Ice Magic
   976 | D:2      | Reached XP level 3. HP: 26/26 MP: 8/8
   980 | D:2      | Learned a level 3 spell: Frozen Ramparts
  1747 | D:3      | Reached skill level 3 in Stealth
  2415 | D:3      | Reached XP level 4. HP: 33/33 MP: 6/10
  2654 | D:4      | Noticed a black bear
  2662 | D:4      | Killed a black bear
  2663 | D:4      | Reached XP level 5. HP: 28/38 MP: 4/11
  2750 | D:4      | Found a transporter.
  2755 | D:4      | Found a transporter.
  2757 | D:4      | Noticed yumyumyeen's ghost (amateur GnHu)
  2758 | D:4      | Found a one-way gate to the infinite horrors of the Abyss.
  2790 | D:4      | Noticed Ijyb
  2804 | D:4      | Killed Ijyb
  2805 | D:4      | Reached skill level 4 in Stealth
  2805 | D:4      | Reached skill level 5 in Ice Magic
  3108 | D:4      | Noticed a steam dragon
  3116 | D:4      | Killed a steam dragon
  3117 | D:4      | Reached skill level 3 in Spellcasting
  3117 | D:4      | Reached XP level 6. HP: 21/45 MP: 6/13
  3219 | D:4      | Learned a level 3 spell: Ozocubu's Armour
  3527 | D:5      | Entered Level 5 of the Dungeon
  3597 | D:5      | Reached skill level 1 in Armour
  3637 | D:5      | Reached skill level 6 in Ice Magic
  3737 | D:5      | Reached XP level 7. HP: 42/50 MP: 11/15
  3929 | D:5      | Noticed Grinder
  3929 | D:5      | Paralysed by Grinder for 2 turns
  3939 | D:5      | Killed Grinder
  3940 | D:5      | Reached skill level 2 in Armour
  3940 | D:5      | Reached skill level 4 in Spellcasting
  3989 | D:5      | Noticed Prince Ribbit
  4010 | D:5      | Killed Prince Ribbit
  4011 | D:5      | Reached skill level 3 in Armour
  4265 | D:5      | Noticed Sigmund
  4290 | D:5      | Reached XP level 8. HP: 57/57 MP: 14/18
  4293 | D:5      | Killed Sigmund
  4294 | D:5      | Reached skill level 7 in Ice Magic
  4412 | D:5      | Found Duquxou's Assorted Antiques.
  4415 | D:5      | Bought a scroll labelled NAGOIZ RAULA for 28 gold pieces
  4415 | D:5      | Bought a scroll labelled NAGOIZ RAULA for 28 gold pieces
  4415 | D:5      | Bought a scroll labelled BAOWOH BUKOKLU for 28 gold pieces
  4415 | D:5      | Bought a scroll labelled ISENAP WUEGHO for 28 gold pieces
  4415 | D:5      | Bought a black potion for 25 gold pieces
  4415 | D:5      | Bought a silvery potion for 25 gold pieces
  4415 | D:5      | Bought a green potion for 25 gold pieces
  4675 | D:6      | Identified a scroll of acquirement
  4681 | D:6      | Acquired the +7 shortbow of the Gloaming {freeze, rC+
                  | Dex+3}
  4759 | D:6      | Noticed a two-headed ogre
  4764 | D:6      | Noticed Blork the orc
  4768 | D:6      | Reached skill level 1 in Ranged Weapons
  4840 | D:6      | Reached skill level 4 in Armour
  4840 | D:6      | Reached skill level 5 in Spellcasting
  4849 | D:6      | Reached skill level 2 in Ranged Weapons
  4864 | D:6      | Noticed Pikel
  4877 | D:6      | Killed Pikel
  4878 | D:6      | Reached skill level 4 in Ranged Weapons
  4932 | D:6      | Reached skill level 5 in Armour
  4967 | D:6      | Reached skill level 5 in Ranged Weapons
  4967 | D:6      | Reached XP level 9. HP: 45/62 MP: 13/20
  5037 | D:6      | Found Vugoytegg's Armour Shoppe.
  5054 | D:6      | You fall into a shaft and drop 1 floor!
  5068 | D:7      | Noticed Joseph
  5078 | D:7      | Killed Joseph
  5079 | D:7      | Reached skill level 6 in Ranged Weapons
  5428 | D:6      | Found a staircase to the Ecumenical Temple.
  5718 | D:6      | Noticed Maggie
  5896 | D:6      | Killed Blork the orc
  5978 | D:6      | Killed a two-headed ogre
  5979 | D:6      | Reached skill level 8 in Ranged Weapons
  6398 | D:6      | Killed Maggie
  6742 | D:7      | Reached skill level 9 in Ranged Weapons
  7111 | D:7      | Reached skill level 2 in Dodging
  7189 | D:7      | Reached XP level 10. HP: 70/70 MP: 21/21
  7360 | D:8      | Reached skill level 1 in Fighting
  7590 | D:8      | Noticed a cyclops
  7600 | D:8      | Killed a cyclops
  7601 | D:8      | Reached skill level 2 in Fighting
  7601 | D:8      | Reached skill level 3 in Dodging
  8245 | D:8      | Reached skill level 10 in Ranged Weapons
  8987 | D:9      | Reached skill level 3 in Fighting
  9193 | D:9      | Reached skill level 4 in Dodging
  9315 | D:9      | Identified the +0 leather armour of Okawaru's Regard {rF+
                  | rC+ rN+ Str+2}
  9742 | D:9      | Upgraded the game from 0.30-a0-711-gf4ac18a38d to
                  | 0.30-a0-715-gdb4ae3ece1
 10010 | D:4      | Killed yumyumyeen's ghost
 10221 | D:10     | Entered Level 10 of the Dungeon
 10285 | D:10     | Reached skill level 4 in Fighting
 10391 | D:10     | Reached skill level 11 in Ranged Weapons
 10392 | D:10     | Reached XP level 11. HP: 80/84 MP: 13/22
 10451 | D:10     | Found a staircase to the Lair.
 10632 | D:10     | Found a staircase to the Orcish Mines.
 10960 | D:11     | Found a frozen archway.
 10978 | D:11     | Gained mutation: You are frail. (-10% HP) [potion of
                  | mutation]
 10978 | D:11     | Gained mutation: Your muscles are strong. (Str +4, Int/Dex
                  | -1) [potion of mutation]
 10978 | D:11     | Gained mutation: You are very frail. (-20% HP) [potion of
                  | mutation]
 10978 | D:11     | Gained mutation: You are agile. (Dex +4, Str/Int -1)
                  | [potion of mutation]
 11112 | IceCv    | Entered an ice cave
 11241 | IceCv    | Reached skill level 5 in Dodging
 11480 | IceCv    | HP: 6/68 [ice beast[an ice statue] (2)]
 11490 | IceCv    | HP: 5/153 [ice beast[an ice statue] (11)]
 12049 | IceCv    | Noticed a reaper
 12130 | IceCv    | Reached skill level 5 in Fighting
 12523 | IceCv    | Slain by a reaper

Vanquished Creatures
  A two-headed ogre (D:6)
  Pikel (D:6)
  A cyclops (D:8)
  A manticore (D:11)
  2 ice statues (IceCv)
  Joseph (D:7)
  Maggie (D:6)
  6 ice devils (IceCv)
  An anaconda simulacrum (IceCv)
  A troll (D:10)
  The ghost of yumyumyeen the Skirmisher, an amateur GnHu of Qazlal (D:4)
  2 hornets (D:9 D:10)
  Prince Ribbit (D:5)
  Grinder (D:5)
  Sigmund (D:5)
  8 yaks (D:8 D:9 D:10)
  2 wyverns (D:8 D:10)
  2 steam dragons (D:4 D:7)
  A basilisk (D:10)
  2 death yak simulacra (IceCv)
  A harpy simulacrum (IceCv)
  2 acid dragons (D:8)
  2 orc warriors (D:7 D:9)
  4 black bears (D:4 D:5 D:6 D:10)
  3 ice beasts (D:6)
  2 sky beasts (D:6 D:7)
  A phantom (D:7)
  4 kobold brigands (D:6 D:8 D:9)
  Blork the orc (D:6)
  2 bullfrogs (D:6 D:7)
  2 necrophages (D:5 D:6)
  2 two-headed ogre simulacra (IceCv)
  A cane toad simulacrum (IceCv)
  A gnoll sergeant (D:10)
  3 scorpions (D:5 D:6)
  3 wights (D:8)
  2 elephant simulacra (IceCv)
  16 killer bees (D:9)
  3 howler monkeys (D:8 D:9)
  9 orc priests (D:7 D:8 D:9)
  A gnoll bouda (D:8)
  2 hounds (D:6 D:7)
  3 jellies (D:5 D:7)
  A small abomination (D:4)
  An iron imp (D:4)
  6 iguanas (D:4 D:5 D:6 D:7)
  Ijyb (D:4)
  12 orc wizards (D:4 D:7 D:8 D:9)
  A polar bear simulacrum (IceCv)
  A spriggan simulacrum (IceCv)
  2 troll simulacra (IceCv)
  13 gnolls (D:5 D:6 D:7 D:4 D:10)
  5 adders (D:2 D:4 D:5 D:6)
  2 naga simulacra (IceCv)
  2 shadow imps (D:5 D:7)
  20 white imps (D:5 D:6 D:4 D:11 IceCv)
  3 ufetubi (D:6 IceCv)
  2 dart slugs (D:1 D:2)
  32 orcs (D:2 D:3 D:4 D:7 D:8)
  7 endoplasms (D:1 D:2 D:4)
  2 giant cockroaches (D:2)
  10 goblins (D:1 D:2 D:3)
  6 hobgoblins (D:1 D:2 D:3)
  2 jackals (D:1)
  4 quokkas (D:1 D:2 D:3)
  5 ball pythons (D:1 D:3 D:4)
  2 bats (D:1 D:2)
  5 frilled lizards (D:1 D:2)
  23 kobolds (D:1 D:2 D:4 D:6 D:8)
  5 rats (D:1 D:2)
282 creatures vanquished.

Vanquished Creatures (others)
  An orc (D:7)
  2 plants (D:10)
3 creatures vanquished.

Grand Total: 285 creatures vanquished

Table legend: (Time is in decaauts)
 A = Elapsed time spent in this place.
 B = Non-inter-level travel time spent in this place.
 C = Inter-level travel time spent in this place.
 D = Time resting spent in this place.
 E = Time spent auto-exploring this place.
 F = Levels seen in this place.
 G = Mean time per level.
                   A        B        C        D        E       F      G
               +--------+--------+--------+--------+--------+-----+--------+
         Total |  12666 |  11914 |    752 |   2145 |   7390 |  12 | 1055.5 |
       Dungeon |  11260 |  10508 |    752 |   1382 |   7220 |  11 | 1023.6 |
      Ice Cave |   1406 |   1406 |      0 |    763 |    170 |   1 | 1406.0 |
               +--------+--------+--------+--------+--------+-----+--------+

Top non-repeatable levels by time:
     D:6: 1700 daAuts
     D:8: 1541 daAuts
   IceCv: 1406 daAuts
     D:5: 1393 daAuts
     D:4: 1184 daAuts
     D:9: 1017 daAuts
     D:7: 920 daAuts
     D:1: 911 daAuts
     D:3: 878 daAuts
     D:2: 818 daAuts
    D:10: 741 daAuts
    D:11: 153 daAuts

Table legend:
 A = Non-vault XP
 B = Vault XP
 C = Vault XP percentage of total XP
 D = Non-vault monster count
 E = Vault monster count
 F = Vault count percentage of total count
                 A         B        C        D         E       F
            +---------+---------+-------+---------+---------+-------
      Total |   10659 |    8114 |  43.2 |     213 |      69 |  24.5
            +---------+---------+-------+---------+---------+-------
        D:1 |      39 |       0 |   0.0 |      24 |       0 |   0.0
        D:2 |      43 |      12 |  21.8 |      17 |       4 |  19.0
        D:3 |      18 |       9 |  33.3 |       8 |       5 |  38.5
        D:4 |     474 |     429 |  47.5 |      14 |       6 |  30.0
        D:5 |     565 |     758 |  57.3 |      13 |       3 |  18.8
        D:6 |    1933 |    1227 |  38.8 |      20 |       5 |  20.0
        D:7 |    1217 |     412 |  25.3 |      29 |       1 |   3.3
        D:8 |    2446 |       0 |   0.0 |      39 |       0 |   0.0
        D:9 |    2697 |       0 |   0.0 |      42 |       0 |   0.0
       D:10 |     710 |     750 |  51.4 |       6 |       4 |  40.0
       D:11 |     517 |     122 |  19.1 |       1 |      12 |  92.3
      IceCv |       0 |    4395 | 100.0 |       0 |      29 | 100.0
            +---------+---------+-------+---------+---------+-------
